 Dungeon Crawl Stone Soup version 0.25.1-2-g60ff931df9 (webtiles) character file.

Game seed: 14438259164442366747

24696 DildoBatman the Blocker (level 13, -15/96 HPs)
             Began as a Formicid Wizard on Aug 26, 2020.
             Was the Champion of Kikubaaqudgha.
             Killed from afar by a deep elf mage (40 damage)
             ... with a bolt of lightning
             ... on level 1 of the Orcish Mines.
             The game lasted 01:08:08 (15069 turns).

DildoBatman the Blocker (Formicid Wizard)          Turns: 15069, Time: 01:08:08

Health: -15/96     AC:  6    Str: 11    XL:     13   Next: 44%
Magic:  1/32       EV: 14    Int: 32    God:    Kikubaaqudgha [******]
Gold:   448        SH:  6    Dex:  9    Spells: 5/26 levels left

rFire    x . .     SeeInvis +   b - +3 trident "Fish" {vorpal, rPois rF- Int+4}
rCold    . . .     Gourm    .   i - +0 buckler
rNeg     . . .     Faith    +   o - +0 troll leather armour
rPois    +         Spirit   .   (helmet unavailable)
rElec    .         Reflect  .   n - +0 cloak
rCorr    .         Harm     .   (no gloves)
MR       +....                  (no boots)
Stlth    ++........             L - amulet of faith
HPRegen  0.66/turn              r - ring of magical power
MPRegen  0.23/turn              t - ring of wizardry

@: no status effects
A: permanent stasis, dig shafts and tunnels, four strong arms, antennae 3,
clever 2, evolution 1
a: Dig, Shaft Self, Receive Corpses, Torment, Brand Weapon With Pain, Receive
Necronomicon, Renounce Religion


You were on level 1 of the Orcish Mines.
You worshipped Kikubaaqudgha.
Kikubaaqudgha was exalted by your worship.
You were very hungry.

You visited 3 branches of the dungeon, and saw 14 of its levels.
You also visited: Ice Cave.

You collected 736 gold pieces.
You spent 288 gold pieces at shops.

Inventory:

Hand Weapons
 a - a +3 hunting sling
 b - the +3 trident "Fish" (weapon) {vorpal, rPois rF- Int+4}
   (You found it on level 10 of the Dungeon)

   It inflicts extra damage upon your enemies.
   It affects your intelligence (+4).
   It makes you vulnerable to fire.
   It protects you from poison.
 d - the +5 glaive "Transmigrator" {venom, Int-5 Dex+4}
   (You found it on level 6 of the Dungeon)

   It poisons the flesh of those it strikes.
   It affects your intelligence (-5).
   It affects your dexterity (+4).
 e - a +2 quarterstaff of speed
 Y - a +2 scimitar of flaming
Missiles
 l - 87 sling bullets
 q - 27 poisoned darts (quivered)
 y - 2 throwing nets
 H - 300 arrows
 X - 118 bolts
Armour
 i - a +0 buckler (worn)
 n - a +0 cloak (worn)
 o - a +0 troll leather armour (worn)
 Z - a +0 tower shield
Magical Staves
 N - an uncursed staff of wizardry
Jewellery
 r - a ring of magical power (left hand)
 t - a ring of wizardry (right hand)
 E - an uncursed ring of positive energy
 G - an uncursed ring of fire
 L - an amulet of faith (around neck)
Wands
 K - a wand of acid (9)
 O - a wand of clouds (4)
 U - a wand of iceblast (20)
Scrolls
 g - 3 scrolls of fog
 j - 4 scrolls of amnesia
 m - a scroll of noise {unknown}
 w - 5 scrolls of fear
 x - 8 scrolls of remove curse
 z - a scroll of identify
 A - a scroll of enchant armour {unknown}
 C - 3 scrolls of magic mapping
 F - a scroll of summoning {unknown}
 I - a scroll of random uselessness {unknown}
 J - a scroll of torment {unknown}
 M - 3 scrolls of enchant weapon
 P - a scroll of vulnerability {unknown}
 R - 4 scrolls of immolation
 T - a scroll of blinking {unknown}
Potions
 c - 4 potions of lignification {unknown}
 f - 4 potions of might {unknown}
 h - 7 potions of curing
 s - 2 potions of brilliance {unknown}
 u - a potion of magic {unknown}
 B - 3 potions of mutation
 D - a potion of flight {unknown}
 Q - a potion of stabbing {unknown}
 S - 2 potions of resistance
 W - 3 potions of berserk rage {unknown}
Miscellaneous
 p - a lightning rod (4/4)
 V - a tin of tremorstones (3/3)
Comestibles
 v - 15 rations


   Skills:
 - Level 7.3 Fighting
 - Level 7.3 Armour
 - Level 6.5 Dodging
 - Level 2.4 Stealth
 * Level 9.4 Shields
 - Level 7.3 Spellcasting
 - Level 6.0 Conjurations
   Level 1.0 Summonings
 - Level 9.0 Necromancy
   Level 0.8 Translocations
 - Level 5.0 Fire Magic
 - Level 5.0 Air Magic
 - Level 9.0 Earth Magic


You had 5 spell levels left.
You knew the following spells:

 Your Spells              Type           Power        Failure   Level  Hunger
a - Conjure Flame         Conj/Fire      #####...     1%          3    None
b - Borgnjor's Vile Clut  Necr/Erth      ######....   1%          5    ####...
c - Magic Dart            Conj           ####         1%          1    None
d - Vampiric Draining     Necr           ######....   1%          3    None
e - Mephitic Cloud        Conj/Pois/Air  #####...     1%          3    None
h - Dispel Undead         Necr           ######..     1%          4    #......
z - Sublimation of Blood  Necr           ######....   1%          2    None

Your spell library contained the following spells:

 Spells                   Type           Power        Failure   Level  Hunger
 Animate Skeleton         Necr           N/A          1%          1    None
 Pain                     Necr           ####         1%          1    None
 Summon Small Mammal      Summ           ###.         1%          1    None
 Call Imp                 Summ           ###.....     1%          2    None
 Corpse Rot               Necr/Air       N/A          1%          2    None
 Searing Ray              Conj           ######       1%          2    None
 Dazzling Flash           Conj/Hex       ####..       1%          3    None
 Animate Dead             Necr           N/A          1%          4    #......
 Agony                    Necr           ######..     1%          5    ####...
 Slow                     Hex            ##......     3%          2    None
 Call Canine Familiar     Summ           ###.....     4%          3    None
 Iskenderun's Mystic Bla  Conj/Tloc      ####....     4%          4    #......
 Summon Guardian Golem    Hex/Summ       ##......     5%          3    None
 Fulminant Prism          Conj/Hex       ####......   6%          4    #......
 Summon Lightning Spire   Summ/Air       ####....     6%          4    #......
 Excruciating Wounds      Chrm/Necr      #####.....   9%          5    ####...
 Summon Ice Beast         Ice/Summ       ##......     16%         4    #......
 Simulacrum               Ice/Necr       #####.....   43%         6    ######.
 Blink                    Tloc           Unusable     N/A         2    N/A

Dungeon Overview and Level Annotations

Branches:
Dungeon (12/15)            Temple (1/1) D:6            Lair (0/6) D:10
    Orc (1/2) D:12          IceCv (visited)

Altars:
Ashenzari
Cheibriados
Dithmenos
Elyvilon
Fedhas
Gozag
Hepliaklqana
Kikubaaqudgha
Makhleb
Nemelex Xobeh
Okawaru
Qazlal
Ru
Sif Muna
Trog
Uskayaw
Vehumet
Wu Jian
Xom
Yredelemnul
Zin
The Shining One

Shops:
D:4 }}!?   D:5 :   D:12 :

Annotations:
D:11 2 transporters, Chimkentus's ghost, novice OpAs


Innate Abilities, Weirdness & Mutations

You cannot be hasted, slowed, berserked, paralysed or teleported.
You can dig through walls and to a lower floor.
Your four strong arms can wield two-handed weapons with a shield.
You have a pair of large antennae on your head. (SInv)
Your mind is very acute. (Int +4)
You evolve.


Message History

You dig through the rock wall.
You dig through the rock wall.
You dig through the rock wall.
You dig through the rock wall.
You are feeling very hungry.
You dig through the rock wall.
You dig through the rock wall.
Casting: Mephitic Cloud (safe; 1% risk of failure)
Confirm with . or Enter, or press ? or * to list all spells.
Aiming: Mephitic Cloud (safe; 1% risk of failure)
Press: ? - help, Shift-Dir - straight line, f/p - deep elf mage
Aim: a deep elf mage, wielding a +0 rapier (moderately wounded)
The ball explodes into a vile cloud!
The stinking cloud engulfs the deep elf mage but does no damage.
The deep elf mage is moderately wounded.
The deep elf mage is engulfed in noxious fumes.
The deep elf mage points at you and mumbles some strange words.
The bolt of lightning hits you!!!
You die...
Kikubaaqudgha rasps: "You have failed me!
Welcome... death!"

### ####.###
##.#{#{e##
###.#.####☼#
#..###..##.# #e##
....#@# #e#
...####
###)###..#.## #
..#..e)o.#....#..
......).....$.....
#......#....e.....
##....°$#.....$...
###.....e.....##


You could see a deep elf mage.

Vanquished Creatures
  Josephine (D:11)
  Harold (D:9)
  A hydra (D:11)
  Erica (Orc:1)
  A centaur warrior (D:12)
  A two-headed ogre (D:9)
  2 unseen horrors
  An orc knight (D:12)
  A necromancer (IceCv)
  An ugly thing (D:12)
  2 orc sorcerers (Orc:1)
  3 deep elf magi (Orc:1)
  2 centaur zombies (D:11)
  A cyclops (D:12)
  Joseph (D:7)
  Maurice (D:11)
  3 ice statues (IceCv)
  An efreet (D:12)
  A kobold demonologist (D:11)
  2 rime drakes (D:12)
  6 ice devils (IceCv)
  A merfolk (D:10)
  2 trolls
  A hornet (D:11)
  A slime creature (D:10)
  Grinder (D:5)
  Sigmund (D:2)
  4 wraiths (D:11)
  9 yaks
  A wyvern (D:10)
  Grum (D:11)
  4 hungry ghosts
  An acid dragon (D:12)
  3 wargs (D:12)
  6 ice beasts
  8 orc warriors
  A black bear (D:7)
  A sky beast (D:4)
  2 necrophages
  3 ogres
  7 centaurs
  A phantom (D:8)
  4 wolves (D:11)
  A crocodile (D:12)
  3 big kobolds (D:11)
  7 bullfrogs
  2 wyvern skeletons
  7 scorpions
  A water moccasin skeleton (D:11)
  6 wights
  A killer bee (D:12)
  A howler monkey (D:10)
  2 bullfrog zombies (D:11)
  3 draconian simulacra (IceCv)
  A quasit (D:12)
  6 crimson imps
  A gnoll shaman (D:3)
  3 hounds
  11 jellies
  16 orc wizards
  7 orc priests
  2 bullfrog skeletons
  Jessica (D:5)
  3 centaur skeletons
  3 iguanas
  3 troll simulacra (IceCv)
  9 worker ants
  A centaur simulacrum (IceCv)
  A hound skeleton (D:9)
  2 worker ant zombies (D:7)
  Robin (D:2)
  11 adders
  10 gnolls
  3 naga simulacra (IceCv)
  4 shadow imps
  15 oozes (D:10)
  3 adder skeletons
  2 worms
  A dart slug (D:2)
  2 leopard geckos
  39 orcs
  2 ball pythons
  2 giant cockroaches
  2 hobgoblins
  3 jackals (D:2)
  3 quokkas
  4 bats
  4 frilled lizards
  13 goblins
  17 kobolds
  A quokka skeleton (D:5)
  3 rats
  4 toadstools (D:1)
350 creatures vanquished.

Vanquished Creatures (others)
  An orc (D:10)
  4 fungi (D:10)
5 creatures vanquished.

Grand Total: 355 creatures vanquished

Notes
Turn   | Place    | Note
-------+----------+-------------------------------------------
     0 | D:1      | DildoBatman the Formicid Wizard began the quest for the
                  | Orb.
     0 | D:1      | Reached XP level 1. HP: 13/13 MP: 4/4
   195 | D:1      | Reached skill level 1 in Conjurations
   529 | D:1      | Reached XP level 2. HP: 17/19 MP: 0/6
  1442 | D:2      | Reached XP level 3. HP: 15/24 MP: 2/7
  1447 | D:2      | Learned a level 3 spell: Conjure Flame
  1451 | D:2      | Learned a level 3 spell: Mephitic Cloud
  2226 | D:3      | Found a faded altar of an unknown god.
  2367 | D:3      | Reached XP level 4. HP: 27/30 MP: 8/8
  2381 | D:3      | Noticed Robin
  2746 | D:3      | Found a white marble altar of Elyvilon.
  2971 | D:3      | Reached XP level 5. HP: 35/35 MP: 2/9
  3107 | D:3      | Noticed Sigmund
  3362 | D:4      | Found Veghuren's Gadget Emporium.
  3368 | D:4      | Found Puaqur's Distillery.
  3389 | D:4      | Bought a potion of degeneration for 14 gold pieces
  3422 | D:4      | Noticed a centaur
  3435 | D:4      | Killed a centaur
  3435 | D:4      | Reached skill level 5 in Conjurations
  3435 | D:4      | Reached XP level 6. HP: 31/41 MP: 6/10
  3444 | D:4      | Found a basalt altar of Yredelemnul.
  3521 | D:4      | Found Myupue's Magic Scroll Emporium.
  3526 | D:4      | Bought a scroll of identify for 26 gold pieces
  3645 | D:4      | Found Qasomott's Gadget Boutique.
  3753 | D:4      | Reached skill level 1 in Fire Magic
  3763 | D:4      | Reached skill level 1 in Air Magic
  3763 | D:4      | Reached XP level 7. HP: 46/46 MP: 0/11
  4078 | D:5      | Entered Level 5 of the Dungeon
  4874 | D:5      | Reached XP level 8. HP: 52/52 MP: 12/12
  4897 | D:5      | Found Uclesan's Book Shop.
  5263 | D:5      | Noticed Jessica
  5310 | D:5      | Found a shimmering blue altar of Sif Muna.
  5351 | D:6      | Found a shattered altar of Ashenzari.
  5413 | D:6      | Noticed Grinder
  5415 | D:6      | Got a pitted glaive
  5442 | D:5      | Identified the +5 glaive "Transmigrator" {venom, Int-5
                  | Dex+4} (You found it on level 6 of the Dungeon)
  5650 | D:6      | Reached skill level 1 in Shields
  5673 | D:6      | Found a staircase to the Ecumenical Temple.
  5694 | Temple   | Entered the Ecumenical Temple
  5723 | Temple   | Became a worshipper of Kikubaaqudgha
  6026 | D:2      | Killed Robin
  6028 | D:2      | Killed Sigmund
  6242 | D:5      | Killed Jessica
  6283 | D:5      | Killed Grinder
  6283 | D:5      | Reached skill level 5 in Fire Magic
  6373 | D:6      | Reached XP level 9. HP: 57/57 MP: 13/13
  6440 | D:6      | Reached skill level 5 in Air Magic
  6479 | D:6      | Reached skill level 1 in Fighting
  6479 | D:6      | Reached skill level 1 in Armour
  6856 | D:6      | Found an ornate altar of the Wu Jian Council.
  6927 | D:4      | Bought 3 scrolls of magic mapping for 136 gold pieces
  7113 | D:7      | Noticed Joseph
  7177 | D:7      | Killed Joseph
  7499 | D:7      | Reached * piety under Kikubaaqudgha
  7499 | D:7      | Identified Kikubaaqudgha's Incunabulum of Evil Arts
                  | (Kikubaaqudgha gifted it to you on level 7 of the Dungeon)
  7499 | D:7      | Received a gift from Kikubaaqudgha
  7504 | D:7      | Reached XP level 10. HP: 73/73 MP: 14/14
  8123 | D:8      | Found a shadowy altar of Dithmenos.
  8242 | D:8      | Reached skill level 5 in Fighting
  8242 | D:8      | Reached skill level 5 in Armour
  8771 | D:8      | Reached skill level 5 in Dodging
  9476 | D:9      | Found a glowing silver altar of Zin.
  9476 | D:9      | Noticed Harold
  9491 | D:9      | Killed Harold
  9491 | D:9      | Reached skill level 1 in Necromancy
  9729 | D:9      | Found a shattered altar of Ashenzari.
  9831 | D:9      | Noticed a two-headed ogre
  9863 | D:9      | Killed a two-headed ogre
  9863 | D:9      | Reached ** piety under Kikubaaqudgha
  9932 | D:9      | Reached XP level 11. HP: 58/83 MP: 12/17
 10256 | D:4      | Bought a potion of mutation for 112 gold pieces
 10256 | D:4      | Gained mutation: Your mind is acute. (Int +2) [potion of
                  | mutation]
 10256 | D:4      | Gained mutation: You evolve. [potion of mutation]
 10332 | D:10     | Entered Level 10 of the Dungeon
 10333 | D:10     | Noticed an unseen horror
 10355 | D:9      | Killed an unseen horror
 10403 | D:10     | Got a jewelled trident
 10419 | D:10     | Identified the cursed +3 trident "Fish" {vorpal, rPois rF-
                  | Int+4} (You found it on level 10 of the Dungeon)
 10541 | D:10     | Reached skill level 5 in Spellcasting
 10803 | D:10     | Reached *** piety under Kikubaaqudgha
 10803 | D:10     | Identified Kikubaaqudgha's Grimoire of Necromancy
                  | (Kikubaaqudgha gifted it to you on level 10 of the Dungeon)
 10803 | D:10     | Received a gift from Kikubaaqudgha
 10853 | D:10     | Learned a level 4 spell: Dispel Undead
 10856 | D:10     | Learned a level 2 spell: Sublimation of Blood
 10860 | D:10     | Learned a level 3 spell: Vampiric Draining
 10866 | D:10     | Learned a level 5 spell: Borgnjor's Vile Clutch
 10960 | D:10     | Reached skill level 1 in Earth Magic
 11370 | D:10     | Found a staircase to the Lair.
 11473 | D:11     | Noticed Maurice
 11491 | D:11     | Killed Maurice
 11492 | D:11     | Reached **** piety under Kikubaaqudgha
 11661 | D:11     | Reached skill level 5 in Necromancy
 11663 | D:11     | Reached skill level 5 in Earth Magic
 11704 | D:11     | Noticed Grum
 11708 | D:11     | Reached XP level 12. HP: 74/91 MP: 10/20
 11714 | D:11     | Killed Grum
 11827 | D:11     | Noticed Josephine
 11839 | D:11     | Killed Josephine
 11970 | D:11     | Noticed a four-headed hydra
 11977 | D:11     | Killed a four-headed hydra
 12007 | D:11     | Reached ***** piety under Kikubaaqudgha
 12049 | D:11     | Found a transporter.
 12054 | D:11     | Noticed Chimkentus's ghost (novice OpAs)
 12077 | D:11     | Found a transporter.
 12468 | D:12     | Found Anweplum's Book Emporium.
 12601 | D:12     | Found a frozen archway.
 12676 | D:12     | Gained mutation: Your mind is very acute. (Int +4)
                  | [evolution]
 12697 | IceCv    | Entered an ice cave
 12872 | IceCv    | HP: 4/91 [something] (16)]
 13967 | D:12     | Reached XP level 13. HP: 91/96 MP: 15/23
 14229 | D:12     | Found a staircase to the Orcish Mines.
 14301 | D:12     | Noticed a centaur warrior
 14327 | D:12     | Killed a centaur warrior
 14459 | D:12     | Reached skill level 5 in Shields
 15019 | Orc:1    | Entered Level 1 of the Orcish Mines
 15042 | Orc:1    | Noticed Erica
 15050 | Orc:1    | Killed Erica
 15055 | Orc:1    | Reached ****** piety under Kikubaaqudgha
 15069 | Orc:1    | Killed from afar by a deep elf mage

Illustrated notes

Levels and vault maps discovered:
D:1:      ldierk_walled_garden_2, layout_loops_ring
D:2:      layout_basic, hangedman_abyss_or_decor_stabs
D:3:      layout_loops_cross, lemuel_doored_altar,
          chequers_ecumenical_altar_grove, uniq_robin, uniq_sigmund
D:4:      layout_basic, marbit_many_paths, serial_shops,
          nicolae_shop_temple_entry_statues_fountains, nicolae_shop_waterfront,
          shop, shop, first_ration
D:5:      layout_cave_pods, tgw_sif, serial_shops,
          nicolae_shop_temple_entry_statues_fountains
D:6:      layout_basic, lemuel_coloured_pillars_altar,
          minmay_temple_entry_sparse_star, basic_altar,
          chequers_serial_rivers_small_b, uniq_grinder
D:7:      layout_loops_ring, uniq_joseph
D:8:      layout_layer_cave, grunt_dithmenos_shadows
D:9:      layout_roguey, zin_scriptorium, kennysheep_little_box, uniq_harold
D:10:     lemuel_slime, layout_cross, lair_entry_dummy, hangedman_stone_soup
D:11:     layout_loops_ring, gammafunk_ghost_berserking_beasts, uniq_josephine,
          uniq_maurice, uniq_grum
D:12:     minmay_open_boxes_in_corner, layout_stronghold,
          minmay_orc_entry_guard_dogs, serial_shops, shop, portal_ice_cave_rime
Temple:   minmay_freezing_vapour_temple
Orc:1:    layout_caves, elves_outpost_lemuel, uniq_erica

Skill      XL: |  1  2  3  4  5  6  7  8  9 10 11 12 13 |
---------------+----------------------------------------+-----
Conjurations   | 1 2 3 4 5 6 |  6.0
Fire Magic     | 1 3 5 |  5.0
Air Magic      | 1 2 4 5 |  5.0
Shields        | 3 9 |  9.4
Dodging        | 4 5 6 |  6.5
Fighting       | 4 6 7 |  7.3
Armour         | 4 6 7 |  7.3
Necromancy     | 2 5 9 |  9.0
Spellcasting   | 4 5 6 7 |  7.3
Earth Magic    | 5 9 |  9.0
Stealth        | |  2.4
Summonings     | |  1.0
Translocations | |  0.8

Action                   |  1- 3 |  4- 6 |  7- 9 | 10-12 | 13-15 || total
-------------------------+-------+-------+-------+-------+-------++-------
Melee: Dagger            |    11 |       |       |       |       ||    11
       Unarmed           |     5 |       |       |       |       ||     5
       Short sword       |    16 |       |       |       |       ||    16
       Glaive            |       |       |    56 |   146 |       ||   202
       Falchion          |       |       |     1 |       |       ||     1
       Trident           |       |       |       |   228 |    28 ||   256
 Fire: Hunting sling     |    20 |    58 |   102 |   125 |    16 ||   321
Throw: Stone             |    22 |       |       |       |       ||    22
       Dart              |       |       |    43 |       |       ||    43
 Cast: Magic Dart        |    75 |    19 |    84 |    19 |       ||   197
       Mephitic Cloud    |       |    10 |    28 |    32 |     8 ||    78
       Conjure Flame     |       |     1 |    19 |    54 |     5 ||    79
       Borgnjor's Vile C |       |       |       |    36 |    29 ||    65
       Dispel Undead     |       |       |       |    10 |     1 ||    11
       Sublimation of Bl |       |       |       |     3 |     3 ||     6
       Vampiric Draining |       |       |       |       |     3 ||     3
 Abil: Dig               |     3 |     4 |    19 |    25 |     2 ||    53
Evoke: Wand              |       |       |       |     2 |       ||     2
  Use: Scroll            |       |       |     2 |     7 |       ||     9
       Potion            |       |       |       |     1 |     1 ||     2
 Stab: Sleeping          |     1 |       |       |     1 |       ||     2
       Confused          |       |       |     3 |     7 |       ||    10
       Distracted        |       |       |     1 |       |       ||     1
  Eat: Chunk             |     4 |     5 |    13 |    27 |     9 ||    58
       Ration            |       |       |     1 |     3 |       ||     4
Armor: Robe              |     7 |     3 |    13 |     9 |       ||    32
       Scale mail        |       |       |       |    32 |       ||    32
       Troll leather arm |       |       |       |    34 |     4 ||    38
Dodge: Dodged            |    22 |    25 |    54 |   156 |    20 ||   277
Block: Buckler           |       |       |    12 |    51 |    11 ||    74
